 Dungeon Crawl Stone Soup version 0.14-a0-1761-gdbd231b (webtiles) character file.

309 Herrn the Covered (level 4, -7/40 HPs)
             Began as a Minotaur Fighter on Jan 4, 2014.
             Mangled by Prince Ribbit (8 damage)
             ... on Level 4 of the Dungeon.
             The game lasted 00:10:19 (2041 turns).

Herrn the Covered (Minotaur Fighter)                Turns: 2041, Time: 00:10:19

HP  -7/40        AC  7     Str 20      XL: 4   Next: 87%
MP   2/2         EV  6     Int  5      God:
Gold 181         SH 19     Dex 11      Spells:  0 memorised,  3 levels left

rFire  . . .     SeeInvis .     w - +0 long sword
rCold  . . .     Clarity  +     b - +0 scale mail
rNeg   . . .     Conserve .     c - +0 shield
rPois  .         rCorr    .     (helmet restricted)
rElec  .         rRot     .     (no cloak)
SustAb . .       Spirit   .     (no gloves)
rMut   .         Warding  .     (no boots)
Saprov . . .     Stasis   .     (no amulet)
                                (no ring)
                                (no ring)

@: slightly resistant to hostile enchantments, extremely unstealthy
A: retaliatory headbutt, horns 2, clarity, deterioration 1, evolution 1
a: no special abilities


You were on level 4 of the Dungeon.
You were hungry.

You visited 1 branch of the dungeon, and saw 4 of its levels.

You collected 181 gold pieces.

Inventory:

Hand weapons
 a - a +0,+0 falchion
 w - a +0,+0 long sword (weapon)
Armour
 b - a +0 scale mail (worn)
 c - a +0 shield (worn)
Comestibles
 d - 4 bread rations
 f - an apricot
 g - a honeycomb
 i - a banana
 m - a chunk of bat flesh
 n - a choko
 u - 2 rotting chunks of orc flesh
Scrolls
 h - 9 scrolls of identify {unknown}
 j - 3 scrolls of immolation {unknown}
 k - a scroll of recharging {unknown}
 l - a scroll of teleportation {unknown}
 o - a scroll of curse jewellery {unknown}
 p - a scroll of enchant armour {unknown}
 q - a scroll of remove curse {unknown}
 r - a scroll of noise {unknown}
Potions
 e - a potion of curing


   Skills:
 + Level 4.1 Fighting
 * Level 3.9 Long Blades
 + Level 4.6 Armour
 * Level 2.2 Dodging
 + Level 4.0 Shields


You had 3 spell levels left.
You didn't know any spells.

Dungeon Overview and Level Annotations

Branches:
Dungeon (4/16)
 Temple: D:4-7

Altars:

Shops:
D:4 }

Annotations:
D:4 Prince Ribbit


Innate Abilities, Weirdness & Mutations

You reflexively headbutt those who attack you in melee.
You have a pair of horns on your head.
You possess an exceptional clarity of mind.
Your body is slowly deteriorating.
You evolve.


Message History

Prince Ribbit blinks!
You block Prince Ribbit's attack.
You miss Prince Ribbit.
Prince Ribbit is heavily wounded.
Prince Ribbit barely misses you.
Prince Ribbit momentarily phases out as your attack passes through him.
Prince Ribbit is heavily wounded.
Prince Ribbit hits you! Prince Ribbit hits you.
You slash Prince Ribbit! Your headbutt misses Prince Ribbit.
Prince Ribbit is severely wounded.
Prince Ribbit barely misses you. You block Prince Ribbit's attack.
Prince Ribbit momentarily phases out as your attack passes through him.
Your headbutt passes through Prince Ribbit as he momentarily phases out.
Prince Ribbit is severely wounded.
Prince Ribbit hits you!
* * * LOW HITPOINT WARNING * * *
You hit Prince Ribbit.
Prince Ribbit is severely wounded.
You block Prince Ribbit's attack. Prince Ribbit hits you!
You die...

.......# #.#...##
##.....# #.#...#
#.#..## #.#...#
##.#..########.#...#
...................#
..........####.#...#
..........####.#######
%.........#..........#
...########...%F@....#
...# #.......%..#
...##### #..........#
.......# #..........#
...###.####..........#
.....................#
...###.#######.#..#.##
...# .......# #..#
...)...<#


You could see Prince Ribbit.

Vanquished Creatures
  An orc wizard (D:3)
  A giant mite (D:2)
  5 giant geckos
  An ooze (D:2)
  10 orcs (D:3)
  A ball python (D:3)
  5 giant cockroaches
  10 hobgoblins
  15 jackals
  5 kobolds
  5 bats
  A giant gecko skeleton (D:4)
  A giant newt (D:1)
  6 goblins
  7 rats
74 creatures vanquished.

Notes
Turn   | Place    | Note
--------------------------------------------------------------
     0 | D:1      | Herrn, the Minotaur Fighter, began the quest for the Orb.
     0 | D:1      | Reached XP level 1. HP: 19/19 MP: 1/1
    98 | D:1      | Reached XP level 2. HP: 27/27 MP: 1/1
   260 | D:1      | Reached skill level 4 in Armour
   323 | D:1      | Reached XP level 3. HP: 30/33 MP: 2/2
   487 | D:1      | Reached skill level 1 in Dodging
  1085 | D:3      | Reached XP level 4. HP: 40/40 MP: 2/2
  1943 | D:4      | Found Laemao's Gadget Boutique.
  1987 | D:4      | Noticed Prince Ribbit
  2020 | D:4      | Gained mutation: You evolve. [potion of mutation]
  2020 | D:4      | Gained mutation: Your body is slowly deteriorating. [potion of mutation]
  2020 | D:4      | Gained mutation: You possess an exceptional clarity of mind. [potion of mutation]
  2040 | D:4      | HP: 1/40 [Prince Ribbit (13)]
  2041 | D:4      | Mangled by Prince Ribbit

Action                   |  1- 3 |  4- 6 || total
-------------------------+-------+-------++-------
Melee: Falchion          |    95 |    50 ||   145
       Long sword        |       |    29 ||    29
  Use: Potion            |       |     3 ||     3
